 Dungeon Crawl Stone Soup version 0.29-a0-284-gf9362112df (webtiles) character file.

Game seed: 14535984033980337132

1929 osuadh the Spear-Bearer (level 8, 0/74 HPs)
             Began as a Yellow Draconian Monk on Mar 15, 2022.
             Was the Champion of Ignis.
             Killed from afar by a white imp (10 damage)
             ... with a puff of frost
             ... on level 5 of the Dungeon.
             The game lasted 00:19:01 (11301 turns).

osuadh the Spear-Bearer (Yellow Draconian Monk)    Turns: 11301, Time: 00:19:02

Health: 0/74       AC:  6    Str: 14    XL:     8   Next: 96%
Magic:  13/14      EV: 12    Int: 12    God:    Ignis [******]
Gold:   237        SH:  0    Dex: 14    Spells: 15/15 levels left

rFire   + . .      SeeInvis .   b - +1 spear (vorpal)
rCold   . . .      Faith    .   (no shield)
rNeg    . . .      Spirit   .   (body armour unavailable)
rPois   .          Reflect  .   (helmet restricted)
rElec   .          Harm     .   s - scarf {shadows}
rCorr   +          Rampage  .   (no gloves)
Will    +....                   (no boots)
Stlth   ++........              (no amulet)
HPRegen 0.22/turn               c - ring of willpower
MPRegen 0.14/turn               (no ring)

@: no status effects
A: spit acid, AC +6, unfitting armour, cold-blooded, acid resistance
a: Breathe Acid, Renounce Religion, Fiery Armour, Foxfire Swarm, Rising Flame


You were on level 5 of the Dungeon.
You worshipped Ignis.
Ignis was exalted by your worship.
You visited 1 branch of the dungeon, and saw 6 of its levels.

You collected 237 gold pieces.

Inventory:

Hand Weapons
 b - a +1 vorpal spear (weapon)
Missiles
 e - 170 stones (quivered)
Armour
 s - a scarf of shadows (worn)
Magical Staves
 r - a staff of air
Jewellery
 c - a ring of willpower (left hand)
 m - a ring of fire
 o - an amulet of magic regeneration
 p - an amulet of magic regeneration
Wands
 x - a wand of iceblast (1)
Scrolls
 h - a scroll of identify
 i - a scroll of blinking {unknown}
 k - 2 scrolls of amnesia
 t - a scroll of holy word {unknown}
 v - a scroll of teleportation
 w - a scroll of immolation {unknown}
Potions
 a - a potion of curing
 d - a potion of magic
 f - a potion of berserk rage
 g - 3 potions of flight
 j - 2 potions of mutation
 u - a potion of degeneration


   Skills:
 - Level 8.0 Fighting
 - Level 9.0 Polearms
 - Level 2.6 Dodging
 - Level 1.7 Stealth
 + Level 4.0 Spellcasting


You had 15 spell levels left.
You didn't know any spells.
Your spell library contained the following spells:

 Spells                   Type           Power      Damage    Failure   Level
 Gell's Gravitas          Tloc           2%         N/A       54%         3
 Inner Flame              Hex/Fire       2%         N/A       54%         3
 Lesser Beckoning         Tloc           2%         N/A       54%         3
 Teleport Other           Tloc           2%         N/A       54%         3
 Cause Fear               Hex            1%         N/A       91%         4
 Discord                  Hex            1%         N/A       100%        8


Dungeon Overview and Level Annotations

Branches:
Dungeon (6/15)
 Temple: D:4-7

Altars:
Ashenzari
Kikubaaqudgha
Qazlal
Ignis

Shops:
D:1 [(   D:5 (

Annotations:
D:3 1 exclusion


Innate Abilities, Weirdness & Mutations

You can spit globs of acid.
Your golden yellow scales are hard. (AC +6)
You cannot fit into any form of body armour.
You are cold-blooded and may be slowed by cold attacks.
You are resistant to acid. (rCorr)


Message History

* * * LOW HITPOINT WARNING * * *
The white imp misses you.
You climb upwards.
You feel yourself speed up.
There is a stone staircase leading down, spattered with blood here.
You are too injured to fight recklessly!
You are too injured to fight recklessly!
You are too injured to fight recklessly!
You are too injured to fight recklessly!
You closely miss the adder. You tail-slap the adder.
The adder is heavily wounded.
The adder bites you.
* * * LOW HITPOINT WARNING * * *
You hit the adder.
You tail-slap the adder, but do no damage.
The adder is almost dead.
The white imp hits you.
* * * LOW HITPOINT WARNING * * *
The white imp freezes you.
You feel yourself slow down.
* * * LOW HITPOINT WARNING * * *
You hit the adder but do no damage.
Your tail-slap misses the adder.
The adder is almost dead.
The adder bites you but does no damage.
The white imp hits you but does no damage.
The adder bites you but does no damage.
You hit the adder.
You kill the adder!
You feel yourself speed up. The white imp barely misses you.
Your Spellcasting skill increases to level 4!
The white imp gestures at you. The puff of frost hits you.
* * * LOW HITPOINT WARNING * * *
Things that are here:
a +0 club; a +0 spear You puncture the white imp!
The white imp is almost dead.
The white imp gestures at you. The puff of frost hits you!
You die...

...#.#.......# ###'###._.....##.
####.#.####..# #........####.##.
.....#.# #..# #...)....# #...^
######.####..# #...<.)..########
#....#.>####...).[(.........
#########.#......[#'###..........
........#.#.#####.#.# #..........
.#####....#.#####5#.###.#........
<# ######.....@>#..........#...
.# #########.########.#.#. .#
#...........#..... .#
#.##.............. .#
#.##..#...#...##..
.###############.##..#.#.#.#.##..
............)..#.##..#.#...#.....
##############.#.##..#.#####.##.#
†...)>.....# #.#.#####.......#...


You could see a white imp.

Vanquished Creatures
  Grinder (D:3)
  Sigmund (D:2)
  3 yaks (D:5)
  Edmund (D:4)
  A water moccasin (D:5)
  An ogre (D:4)
  A centaur (D:5)
  A bullfrog (D:4)
  A scorpion (D:4)
  A gnoll sergeant (D:5)
  A hound (D:5)
  An orc priest (D:5)
  An iguana (D:5)
  Jessica (D:2)
  Terence (D:3)
  Robin (D:2)
  25 gnolls
  10 adders
  2 worms (D:3)
  7 dart slugs
  5 orcs
  12 ball pythons
  3 endoplasms
  2 giant cockroaches
  9 hobgoblins
  2 kobolds
  5 quokkas
  2 bats
  4 frilled lizards
  9 goblins
  3 rats
118 creatures vanquished.

Vanquished Creatures (others)
  12 fungi (D:3)
12 creatures vanquished.

Grand Total: 130 creatures vanquished

Notes
Turn   | Place    | Note
-------+----------+-------------------------------------------
     0 | D:1      | osuadh the Draconian Monk began the quest for the Orb.
     0 | D:1      | Reached XP level 1. HP: 19/19 MP: 1/1
   227 | D:1      | Found Luetomah's Antique Weapon Boutique.
   262 | D:1      | Reached XP level 2. HP: 18/27 MP: 2/2
   613 | D:1      | Found Epreotu's Armour Shoppe.
   810 | D:1      | Found a faded altar of an unknown god.
   813 | D:1      | Prayed at the altar of an unknown god.
   813 | D:1      | Became a worshipper of Ignis, the Dying Flame
   813 | D:1      | Reached ****** piety under Ignis
   852 | D:2      | Noticed Sigmund
  1017 | D:2      | Reached XP level 3. HP: 23/34 MP: 3/3
  1234 | D:2      | Reached skill level 5 in Fighting
  1471 | D:2      | Reached XP level 4. HP: 38/42 MP: 4/4
  1630 | D:2      | Noticed Jessica
  1648 | D:2      | Killed Jessica
  1778 | D:2      | Identified the +0 leather armour of the Storm King {Harm
                  | Int+3}
  1832 | D:2      | Noticed Robin
  2504 | D:3      | Noticed Terence
  2551 | D:3      | Found a stormy altar of Qazlal.
  2653 | D:3      | Reached XP level 5. HP: 38/51 MP: 5/5
  3091 | D:3      | Killed Terence
  3250 | D:3      | Noticed Grinder
  3391 | D:3      | Paralysed by Grinder for 6 turns
  4327 | D:4      | Noticed an ogre
  4729 | D:3      | Reached XP level 6. HP: 22/60 MP: 6/6
  4955 | D:4      | Found a broken altar of Ashenzari.
  6122 | D:4      | Noticed Edmund
  6190 | D:5      | Entered Level 5 of the Dungeon
  6203 | D:5      | Reached skill level 4 in Polearms
  6466 | D:5      | Noticed a yak
  6466 | D:5      | Noticed a yak
  6466 | D:5      | Noticed a yak
  6467 | D:5      | Noticed a yak
  6583 | D:4      | Your scales start taking on a golden yellow colour.
  6583 | D:4      | Reached XP level 7. HP: 17/68 MP: 7/7
  6583 | D:4      | Gained mutation: You are resistant to acid. (rCorr) [Yellow
                  | Draconian growth]
  7033 | D:4      | Killed Edmund
  7034 | D:4      | Reached skill level 5 in Polearms
  7607 | D:5      | Found an ancient bone altar of Kikubaaqudgha.
  7779 | D:5      | Reached skill level 6 in Polearms
  8058 | D:5      | Found Qavve's Antique Weapon Shoppe.
  8239 | D:5      | HP: 3/68 [water moccasin (5)]
  8240 | D:5      | HP: 1/68 [poisoned by a water moccasin]
  8778 | D:5      | Reached skill level 7 in Polearms
  8778 | D:5      | Reached XP level 8. HP: 34/74 MP: 8/8
  9299 | D:5      | Reached skill level 8 in Polearms
 10193 | D:5      | Reached skill level 9 in Polearms
 10766 | D:3      | Killed Grinder
 10916 | D:2      | Killed Sigmund
 10922 | D:2      | Killed Robin
 11301 | D:5      | Killed from afar by a white imp

Illustrated notes

Levels and vault maps discovered:
D:1:      dpeg_arrival_erosion, layout_loops_ring, serial_shops, shop,
          shop_fountains, shapermc_ecumenical_altar_mp_vishouse
D:2:      layout_loops_ring, uniq_sigmund, uniq_jessica, uniq_robin
D:3:      layout_loops_corners, mainiacjoe_overflow_cross_hatched,
          grunt_decor_junction, minmay_puff, uniq_terence, uniq_grinder
D:4:      layout_basic, nicolae_ashenzari_panopticon, uniq_edmund
D:5:      layout_basic, overflow_temple_1_default, serial_shops,
          nicolae_lakefront_shop
D:6:      kennysheep_slugbush, layout_basic, serial_shops,
          nicolae_shop_bloodbath_and_beyond

Skill      XL: |  1  2  3  4  5  6  7  8 |
---------------+-------------------------+-----
Fighting       | 4 5 6 7 8 |  8.0
Polearms       | 4 7 9 |  9.0
Spellcasting   | 4 |  4.0
Dodging        | |  2.6
Stealth        | |  1.7

Action                   |  1- 3 |  4- 6 |  7- 9 || total
-------------------------+-------+-------+-------++-------
Melee: Spear             |    91 |   362 |   207 ||   660
       Tailslap          |    13 |    47 |    30 ||    90
       Punch             |     2 |     1 |     3 ||     6
Throw: Stone             |    25 |     4 |     2 ||    31
       Throwing net      |       |       |     1 ||     1
 Abil: Breathe Acid      |       |       |     3 ||     3
Evoke: Wand              |       |       |     4 ||     4
  Use: Scroll            |       |    10 |     2 ||    12
       Potion            |       |     1 |     6 ||     7
 Stab: Sleeping          |     6 |    11 |     1 ||    18
       Distracted        |     1 |     1 |       ||     2
Armor: Skin              |    10 |    63 |    40 ||   113
Dodge: Dodged            |    37 |   169 |   116 ||   322

Table legend: (Time is in decaauts)
 A = Elapsed time spent in this place.
 B = Non-inter-level travel time spent in this place.
 C = Inter-level travel time spent in this place.
 D = Time resting spent in this place.
 E = Time spent auto-exploring this place.
 F = Levels seen in this place.
 G = Mean time per level.
                   A        B        C        D        E       F      G
               +--------+--------+--------+--------+--------+-----+--------+
         Total |  11235 |  10404 |    831 |   4469 |   3975 |   6 | 1872.5 |
       Dungeon |  11235 |  10404 |    831 |   4469 |   3975 |   6 | 1872.5 |
               +--------+--------+--------+--------+--------+-----+--------+

Top non-repeatable levels by time:
     D:4: 3193 daAuts
     D:5: 2702 daAuts
     D:3: 2508 daAuts
     D:2: 1729 daAuts
     D:1: 1053 daAuts
     D:6: 47 daAuts
